 Dungeon Crawl Stone Soup version 0.26-a0-651-gb41185065b (webtiles) character file.

Game seed: 9394924222148897044

(classic levelgen) 952 EnegeticOcto the Cleaver (level 7, 54/62 HPs)
             Began as a Deep Dwarf Delver on Oct 24, 2020.
             Quit the game on level 6 of the Dungeon.
             The game lasted 00:04:00 (760 turns).

EnegeticOcto the Cleaver (Deep Dwarf Delver)         Turns: 760, Time: 00:04:00

Health: 54/62      AC:  6    Str: 15    XL:     7   Next: 90%
Magic:  0/0        EV: 11    Int: 13    God:
Gold:   45         SH:  0    Dex: 14    Spells: 7/7 levels left

rFire    . . .     SeeInvis .   a - +0 hand axe
rCold    . . .     Faith    .   (no shield)
rNeg     . . .     Spirit   .   j - +0 ring mail
rPois    .         Reflect  .   (no helmet)
rElec    .         Harm     .   d - +0 cloak (curse)
rCorr    .         Rampage  .   (no gloves)
MR       +....                  (no boots)
Stlth    +++.......             (no amulet)
HPRegen  0.00/turn              h - +4 ring of slaying
MPRegen  0.07/turn              (no ring)

@: non-regenerating
A: damage resistance, heal wounds, sense surroundings 1, no regeneration
a: Heal Wounds


You were on level 6 of the Dungeon.
You visited 1 branch of the dungeon, and saw 5 of its levels.

You collected 45 gold pieces.

Inventory:

Hand Weapons
 a - a +0 hand axe (weapon)
Missiles
 k - 2 throwing nets (quivered)
Armour
 b - a +0 leather armour
 d - a cursed +0 cloak (worn)
 j - a +0 ring mail (worn)
Jewellery
 h - a +4 ring of slaying (left hand)
Wands
 g - a wand of digging (3) {@v3}
 i - a wand of disintegration (17)
Scrolls
 c - a scroll of fog
 e - a scroll of fear
Potions
 f - 2 potions of haste {@q4}
 l - a potion of curing {unknown}


   Skills:
 + Level 3.1 Fighting
 * Level 9.6 Axes
 - Level 2.7 Dodging
 - Level 6.3 Stealth
 + Level 0.5 Spellcasting


You had 7 spell levels left.
You didn't know any spells.
Your spell library was empty.

Dungeon Overview and Level Annotations

Branches:
Dungeon (8/15)
 Temple: D:4-7         Lair: D:8-11

Altars:
Wu Jian

Shops:
D:5 [   D:7 =(=(

Annotations:
D:7 Menkaure


Innate Abilities, Weirdness & Mutations

You are resistant to damage.
You can heal yourself by infusing magical energy.
You passively map a small area around you.
You do not regenerate.


Message History

Found a scroll labeled ONUECV KEZE.
There is an open door here.
Menkaure, Prince of Dust comes into view.
Found an escape hatch in the floor.
Menkaure shouts!
You hear a shout!
Menkaure calls on the powers of darkness!
Your body is wracked with pain!
You see here a scroll labeled ONUECV KEZE.
As you read the scroll labeled ONUECV KEZE, it crumbles to dust.
You feel strangely unstable.
It was a scroll of teleportation.
Your magical essence is drained by the effort!
You feel much better.
Menkaure points at you and mumbles some strange words.
You resist with significant effort.
Your surroundings suddenly seem different.
Found Talielitt's Antique Weapon Shop.
Found a stone staircase leading down.
An ogre comes into view. It is wielding a +0 giant club.
There is an entrance to Talielitt's Antique Weapon Shop here.
The ogre shouts!
Found 22 bolts.
The ogre closely misses you.
You hit the ogre.
The ogre is lightly wounded.
You hit the ogre.
The ogre is moderately wounded.
The ogre hits you with a +0 giant club!!
You hit the ogre but do no damage.
The ogre is moderately wounded.
The ogre hits you with a +0 giant club!
You hit the ogre.
The ogre is moderately wounded.
You slash the ogre!
The ogre is severely wounded.
The ogre barely misses you.
Your magical essence is drained by the effort!
You feel much better. The ogre hits you with a +0 giant club!
You barely miss the ogre.
The ogre is severely wounded.
You open the door. The ogre hits you with a +0 giant club!
The ogre barely misses you.
There is an open door here.
You hit the ogre.
The ogre is severely wounded.
The ogre hits you with a +0 giant club!
You hit the ogre but do no damage.
The ogre is severely wounded.
Your magical essence is drained by the effort!
You feel much better. The ogre misses you.
You don't have enough innate magic capacity.
You slash the ogre!
The ogre is almost dead.
The ogre barely misses you.
You barely miss the ogre.
The ogre is almost dead.
You slash the ogre!
You kill the ogre!
No target in view!
You see here a +0 giant club.
You see here 22 bolts.
You see here 22 bolts.
(D) Dungeon
Where to? (? - help)
There is an open door here.
You open the door.
There is an open door here.
There is a stone staircase leading down here.
You climb downwards.
A leopard gecko and an adder come into view.
There is a stone staircase leading up here.
You climb upwards.
Level annotation: Menkaure
There is a stone staircase leading down here.
Found Equnuqux's Antique Weapon Shoppe.
There is a stone staircase leading up here.
You climb upwards.
Found a scroll labeled TYUNOU VYBETU.
There is a stone staircase leading down here.
Found a hunting sling.
l - a scroll labeled TYUNOU VYBETU
As you read the scroll labeled TYUNOU VYBETU, it crumbles to dust.
It is a scroll of identify.
You don't have any unidentified items.
Found 10 stones and 15 arrows.
Found a scroll labeled SUKLIA CIWK.
l - a scroll labeled SUKLIA CIWK
As you read the scroll labeled SUKLIA CIWK, it crumbles to dust.
Your +0 hand axe glows brilliant azure for a moment.
It was a scroll of random uselessness.
Found 13 arrows.
Found 21 arrows.
Found an inky potion.
You see here 21 arrows.
l - an inky potion
Found a rapier.
Found 17 arrows.
An ooze and an ogre come into view.
The ogre shouts!
The ooze quivers.
The ooze completely misses you.
Are you sure you want to abandon this character and quit the game? (Confirm with "yes".)

#.# *,, #. , ..#
###.###, #.*,##.#
####.....# * *#. , ..#
#........# #. ..#
##........#########
.##
................(.#
#.*
.##.#.....#...)...# ,
#.##..###......J# *
#.............@.# *
####..###............#
* #..# #.......######
........O.....#
################


You could see an ogre and an ooze.

Vanquished Creatures
  A sky beast (D:5)
  A phantom (D:5)
  2 ogres
  A centaur (D:5)
  A bullfrog (D:7)
  A scorpion (D:7)
  A howler monkey (D:5)
  A jelly (D:7)
  A hound (D:5)
  An orc priest (D:5)
  Crazy Yiuf (D:5)
  A bullfrog skeleton (D:5)
  Ijyb (D:5)
  3 worker ants
  A killer bee zombie (D:5)
  A hound zombie (D:7)
  9 gnolls
  A white imp (D:5)
  An adder skeleton (D:5)
  3 orcs (D:5)
  2 giant cockroaches
  A frilled lizard (D:5)
36 creatures vanquished.

Notes
Turn   | Place    | Note
-------+----------+-------------------------------------------
     0 | D:5      | EnegeticOcto the Deep Dwarf Delver began the quest for the
                  | Orb.
     0 | D:5      | Reached XP level 1. HP: 20/20 MP: 1/1
    21 | D:5      | Noticed a hound
    42 | D:5      | Noticed a worker ant
    53 | D:5      | Killed a hound
    53 | D:5      | Reached XP level 2. HP: 23/28 MP: 2/2
    53 | D:5      | Reached XP level 3. HP: 28/34 MP: 3/3
    58 | D:5      | Reached skill level 3 in Axes
    62 | D:5      | Found Neryucho's Armour Shoppe.
   107 | D:5      | Reached skill level 4 in Axes
   107 | D:5      | Reached XP level 4. HP: 35/42 MP: 4/4
   109 | D:5      | Noticed a phantom
   121 | D:5      | Noticed a sky beast
   123 | D:5      | Found an ornate altar of the Wu Jian Council.
   159 | D:5      | Killed a sky beast
   159 | D:5      | Reached skill level 5 in Axes
   159 | D:5      | Reached XP level 5. HP: 34/49 MP: 4/4
   171 | D:5      | Noticed a centaur
   179 | D:5      | Killed a centaur
   179 | D:5      | Reached skill level 6 in Axes
   179 | D:5      | Reached XP level 6. HP: 23/56 MP: 5/5
   208 | D:5      | Reached skill level 7 in Axes
   242 | D:5      | Reached skill level 8 in Axes
   242 | D:5      | Reached XP level 7. HP: 32/62 MP: 4/4
   273 | D:5      | Found a runed translucent door.
   274 | D:5      | Noticed Crazy Yiuf
   289 | D:5      | Killed Crazy Yiuf
   338 | D:5      | Noticed Ijyb
   355 | D:5      | Killed Ijyb
   481 | D:7      | Found Biwuezxo's Jewellery Shop.
   495 | D:7      | Reached skill level 9 in Axes
   500 | D:7      | Found Daodie's Jewellery Emporium.
   584 | D:7      | Noticed Menkaure
   591 | D:7      | Found Talielitt's Antique Weapon Shop.
   682 | D:7      | Found Equnuqux's Antique Weapon Shoppe.
   760 | D:6      | Quit the game

Illustrated notes

Levels and vault maps discovered:
D:4:      layout_basic, minivault_14, uniq_blork_the_orc
D:5:      layout_rooms, old_standard_altar, serial_shops, shop_statue,
          uniq_ijyb, uniq_crazy_yiuf_cottage
D:6:      layout_loops_cross, minmay_temple_entry_drinking_statues,
          serial_shops, nicolae_shop_behind_doors
D:7:      layout_basic, serial_shops, shop, shop, shop, shop,
          nicolae_shop_behind_doors, guppyfry_early_elven_hall, uniq_menkaure
D:8:      minmay_the_grid_square_5x5_3x3 [minmay_the_grid_square_5x5_eight,
          minmay_the_grid_square_5x5_two_walls_b,
          minmay_the_grid_square_5x5_tie, minmay_the_grid_square_5x5_shrine2,
          minmay_the_grid_square_5x5_megaprize_diamond,
          minmay_the_grid_square_5x5_two, minmay_the_grid_square_5x5_z,
          minmay_the_grid_square_5x5_beaten_path,
          minmay_the_grid_square_5x5_inner_z], layout_basic, basic_altar,
          serial_rivers, chequers_serial_rivers_micro_e,
          chequers_serial_rivers_marsh, chequers_serial_rivers_small_a,
          chequers_serial_rivers_micro_d, the_bakery

Skill      XL: |  1  2  3  4  5  6  7 |
---------------+----------------------+-----
Fighting       | 3 |  3.1
Axes           | 4 5 6 8 9 |  9.6
Dodging        | |  2.7
Stealth        | |  6.3
Spellcasting   | |  0.5

Action                   |  1- 3 |  4- 6 |  7- 9 || total
-------------------------+-------+-------+-------++-------
Melee: Hand axe          |    30 |    53 |    71 ||   154
 Abil: Heal Wounds       |     1 |     9 |     9 ||    19
  Use: Scroll            |     1 |     3 |     3 ||     7
 Stab: Sleeping          |     1 |     1 |       ||     2
Armor: Leather armour    |     5 |    13 |     7 ||    25
       Ring mail         |       |       |    16 ||    16
Dodge: Dodged            |    20 |    41 |    62 ||   123

Table legend: (Time is in decaauts)
 A = Elapsed time spent in this place.
 B = Non-inter-level travel time spent in this place.
 C = Inter-level travel time spent in this place.
 D = Time resting spent in this place.
 E = Time spent auto-exploring this place.
 F = Levels seen in this place.
 G = Mean time per level.
                   A        B        C        D        E       F      G
               +--------+--------+--------+--------+--------+-----+--------+
         Total |    771 |    728 |     43 |      0 |      0 |   5 |  154.2 |
       Dungeon |    771 |    728 |     43 |      0 |      0 |   5 |  154.2 |
               +--------+--------+--------+--------+--------+-----+--------+

Top non-repeatable levels by time:
     D:5: 387 daAuts
     D:7: 258 daAuts
     D:6: 106 daAuts
     D:4: 13 daAuts
     D:8: 4 daAuts
